 Dungeon Crawl Stone Soup version 0.21-a0-538-gd16b88a (webtiles) character file.

34 Gorice the Skirmisher (level 3, 0/30 HPs)
             Began as a Demonspawn Wanderer on Dec 15, 2017.
             Slain by an adder (1 damage)
             ... on level 2 of the Dungeon.
             The game lasted 00:04:29 (918 turns).

Gorice the Skirmisher (Demonspawn Wanderer)          Turns: 918, Time: 00:04:30

Health: 0/30       AC:  3    Str: 13    XL:     3   Next: 14%
Magic:  4/4        EV: 12    Int: 10    God:
Gold:   64         SH:  0    Dex: 15    Spells: 3/4 levels left

rFire    . . .     SeeInvis .   a - +0 dagger
rCold    . . .     Gourm    .   (no shield)
rNeg     . . .     Faith    .   d - +1 robe
rPois    .         Spirit   .   (no helmet)
rElec    .         Reflect  .   (no cloak)
rCorr    .         Harm     .   (no gloves)
MR       .....                  (no boots)
Stlth    +++.......             (no amulet)
HPRegen  0.10/turn              (no ring)
MPRegen  0.09/turn              (no ring)

@: lethally poisoned (0 -> -4)
A: nightstalker 1
a: no special abilities


You were on level 2 of the Dungeon.
You were not hungry.

You visited 1 branch of the dungeon, and saw 2 of its levels.

You collected 64 gold pieces.

Inventory:

Hand Weapons
 a - a +0 dagger (weapon)
 l - a +0 war axe
 n - a +0 spear
 p - a +0 mace
 q - a +0 short sword
Missiles
 h - 13 sling bullets
 Y - 34 stones (quivered)
Armour
 d - a +1 robe (worn)
Wands
 c - a wand of random effects (15)
Scrolls
 i - 2 scrolls of identify
 k - 2 scrolls of remove curse
Potions
 b - 2 potions of lignification {!q}
 g - a potion of flight
 m - a potion of haste {!q}
 s - a potion of agility {unknown}
Books
 e - a book of Minor Magic
Comestibles
 f - 3 bread rations {!e}
 j - 8 chunks of flesh
 o - 2 meat rations {!e}
 r - 3 fruits


   Skills:
 * Level 3.6 Fighting
 - Level 1.0 Polearms
 - Level 1.0 Dodging
 - Level 1.7 Stealth
 - Level 1.0 Spellcasting
 - Level 2.0 Conjurations
 - Level 1.0 Evocations


You had 3 spell levels left.
You knew the following spells:

 Your Spells              Type           Power        Failure   Level  Hunger
a - Magic Dart            Conj           #...         16%         1    ##.....


Dungeon Overview and Level Annotations

Branches:
Dungeon (2/15)

Altars:


Innate Abilities, Weirdness & Mutations

You are slightly more attuned to the shadows.


Message History

Found a faded altar of an unknown god.
The hobgoblin shouts!
You hear an angry hiss.
An adder comes into view.
The hobgoblin hits you.
Damage: 4 (max 4)
You closely miss the hobgoblin. The hobgoblin closely misses you.
You closely miss the hobgoblin. The hobgoblin misses you. The adder bites you.
A bat comes into view.
Damage: 2 (max 4)
You hit the hobgoblin.
The hobgoblin is moderately wounded.
The hobgoblin barely misses you. The adder closely misses you.
Unknown command.
You enter the shallow water.
Moving in this stuff is going to be slow.
The bat completely misses you. The adder barely misses you.
The adder bites you.
The hobgoblin hits you but does no damage.
Damage: 2 (max 4)
The bat hits you but does no damage. The adder bites you.
You are poisoned.
The adder poisons you! The adder bites you.
* * * LOW HITPOINT WARNING * * *
A rat comes into view.
Damage: 9 (max 9)
You feel sick. The bat completely misses you. The adder bites you.
* * * LOW HITPOINT WARNING * * *
You are more poisoned.
The adder poisons you!
Damage: 4 (max 9)
You feel sick. The bat closely misses you. The bat hits you but does no damage.
The adder bites you.
* * * LOW HITPOINT WARNING * * *
Damage: 6 (max 9) Unknown command.
The bat hits you.
* * * LOW HITPOINT WARNING * * *
The adder closely misses you.
Damage: 1 (max 9) Unknown command.
* * * LOW HITPOINT WARNING * * *
You feel sick. The bat closely misses you. The bat barely misses you.
* * * LOW HITPOINT WARNING * * *
You feel sick. The bat barely misses you. The bat hits you but does no damage.
Damage: 1 (max 9) Unknown command.
* * * LOW HITPOINT WARNING * * *
You feel sick. The bat closely misses you. The adder bites you.
You die...

####..≈≈≈.♣♣≈≈≈.
.....≈≈≈≈≈≈≈≈≈≈
#...≈≈≈≈≈≈≈≈≈. #..≈≈≈≈≈≈≈≈≈≈≈
#..≈.≈≈≈..≈≈.≈
##...≈≈≈..≈)≈≈. #.
#.g...######### ###.
######b.>### ... #...@..###
..## #.###S########### ##
#..## #.# #.#.........#
.#####...####.# #.#.........#
.....##.......###÷#.........#
####..............†.........#
..#####..#######.##.........#
#............##..##.........#
#....##.####.##.###.........#


You could see an adder, a hobgoblin and a bat.

Vanquished Creatures
  2 oozes (D:2)
  2 leopard geckos
  A giant cockroach (D:2)
  4 goblins
  A hobgoblin (D:1)
  3 kobolds
  5 bats
  3 frilled lizards
  5 rats
26 creatures vanquished.

Notes
Turn   | Place    | Note
-------+----------+-------------------------------------------
     0 | D:1      | Gorice the Demonspawn Wanderer began the quest for the Orb.
     0 | D:1      | Gorice set off with: a book of Minor Magic, a potion of lignification {!q}, a wand of random effects (15), a +0 robe, a +0 dagger, a bread ration {!e}
     0 | D:1      | Reached XP level 1. HP: 16/16 MP: 2/2
     2 | D:1      | Learned a level 1 spell: Magic Dart
   284 | D:1      | Gained mutation: You are slightly more attuned to the shadows. [demonic ancestry]
   284 | D:1      | Reached XP level 2. HP: 16/23 MP: 3/3
   667 | D:2      | Reached skill level 3 in Fighting
   784 | D:2      | Reached XP level 3. HP: 29/29 MP: 4/4
   904 | D:2      | Found a faded altar of an unknown god.
   913 | D:2      | HP: 9/30 [poisoned by an adder]
   913 | D:2      | HP: 4/30 [adder (5)]
   918 | D:2      | HP: 1/30 [poisoned by an adder]
   918 | D:2      | Slain by an adder

Vault maps used:
D:1:      lightli_arrival_quake, minmay_distorted
D:2:      chequers_ecumenical_altar_island

Skill      XL: |  1  2 |
---------------+-------+-----
Fighting       | 3 |  3.6
Polearms       | |  1.0
Dodging        | |  1.0
Stealth        | |  1.7
Spellcasting   | |  1.0
Conjurations   | |  2.0
Evocations     | |  1.0

Action                   || total
-------------------------++-------
Melee: Dagger            ||    63
  Use: Scroll            ||     5
 Stab: Sleeping          ||    14
Armor: Robe              ||    15
Dodge: Dodged            ||    38

Table legend:
 A = Spawn XP
 B = Non-spawn XP
 C = Spawn XP percentage of total XP
 D = Spawn monster count
 E = Non-spawn monster count
 F = Spawn count percentage of total count
 G = Total turns spent on level
                    A         B        C        D         E        F      G
               +---------+---------+-------+---------+---------+-------+---------
         Total |       0 |      49 |   0.0 |       0 |      26 |   0.0 |   918
               +---------+---------+-------+---------+---------+-------+---------
           D:1 |       0 |      18 |   0.0 |       0 |      11 |   0.0 |   664
           D:2 |       0 |      31 |   0.0 |       0 |      15 |   0.0 |   254
               +---------+---------+-------+---------+---------+-------+---------

Table legend:
 A = Turns spent in this place as a percentage of turns spent in the entire game.
 B = Non-inter-level travel turns spent in this place as a percentage of non-inter-level travel turns spent in the entire game.
 C = Inter-level travel turns spent in this place as a percentage of turns spent in this place.
 D = Turns resting spent in this place as a percentage of non-inter-level travel turns spent in this place.
 E = Turns spent auto-exploring this place as a percentage of non-inter-level travel turns spent in this place.
 F = Non-inter-level travel turns spent in this place divided by the number of levels of this place that you've seen.
                   A       B       C       D       E      F
               +-------+-------+-------+-------+-------+----------------------
         Total | 100.0 | 100.0 |   2.6 |   3.4 |  52.1 | 447.0
       Dungeon | 100.0 | 100.0 |   2.6 |   3.4 |  52.1 | 447.0
               +-------+-------+-------+-------+-------+----------------------

Vault maps used:
D:1:      lightli_arrival_quake, minmay_distorted
D:2:      chequers_ecumenical_altar_island
